 Dungeon Crawl Stone Soup version 0.23-a0-393-g6e9e0f2 (webtiles) character file.

794 XanderDroid the Magician (level 7, -7/51 HPs)
             Began as a Gnoll Wizard on Oct 31, 2018.
             Was a Follower of Ashenzari.
             Shot with an arrow by a centaur (12 damage)
             ... on level 6 of the Dungeon.
             The game lasted 00:41:56 (6967 turns).

XanderDroid the Magician (Gnoll Wizard)             Turns: 6967, Time: 00:41:56

Health: -7/51      AC:  6    Str:  9    XL:     7   Next: 89%
Magic:  13/18      EV: 14    Int: 23    God:    Ashenzari [*.....]
Gold:   370        SH:  0    Dex: 13    Spells: 8/21 levels left

rFire    . . .     SeeInvis .   p - +4 mace (protect)
rCold    + . .     Gourm    .   (no shield)
rNeg     . . .     Faith    .   a - +0 robe
rPois    .         Spirit   .   v - +1 hat
rElec    .         Reflect  .   y - +0 cloak
rCorr    .         Harm     .   (no gloves)
MR       .....                  t - +1 pair of boots
Stlth    ++++......             (no amulet)
HPRegen  0.17/turn              e - ring of protection from cold
MPRegen  0.16/turn              w - ring of stealth

@: about to teleport, drained
A: distributed training, fangs 1, strong nose
a: Curse Item, Scrying, Renounce Religion


You were on level 6 of the Dungeon.
You worshipped Ashenzari.
Ashenzari was aware of your devotion.
You were not hungry.

You visited 2 branches of the dungeon, and saw 7 of its levels.

You collected 370 gold pieces.

Inventory:

Hand Weapons
 p - a +4 mace of protection (weapon)
Armour
 a - a +0 robe (worn)
 t - a +1 pair of boots (worn)
 v - a +1 hat (worn)
 y - a +0 cloak (worn)
Jewellery
 e - a ring of protection from cold (left hand)
 w - a ring of stealth (right hand)
Scrolls
 f - 2 scrolls of magic mapping
 g - 3 scrolls of enchant weapon
 h - 4 scrolls of teleportation
 j - a scroll of remove curse
 k - a scroll of fog
 l - a scroll of blinking
 m - a scroll of identify
 o - a scroll of enchant armour
Potions
 b - a potion of invisibility {unknown}
 c - 2 potions of curing
 i - a potion of cancellation {unknown}
 n - a potion of lignification {unknown}
 q - a potion of mutation {unknown}
 r - 2 potions of haste {unknown}
 s - a potion of flight {unknown}
 u - a potion of heal wounds {unknown}
Comestibles
 d - 6 rations


   Skills:
 + Level 2.7(2.4) Fighting
 + Level 2.7(2.4) Short Blades
 + Level 2.7(2.4) Long Blades
 + Level 2.7(2.4) Axes
 + Level 2.7(2.4) Maces & Flails
 + Level 2.7(2.4) Polearms
 + Level 2.7(2.4) Staves
 + Level 2.7(2.4) Slings
 + Level 2.7(2.4) Bows
 + Level 2.7(2.4) Crossbows
 + Level 2.7(2.4) Throwing
 + Level 2.7(2.4) Armour
 + Level 5.3(5.0) Dodging
 + Level 5.0(4.7) Stealth
 + Level 2.7(2.4) Shields
 + Level 2.7(2.4) Unarmed Combat
 + Level 7.7(7.3) Spellcasting
 + Level 3.1(2.8) Conjurations
 + Level 2.2(1.9) Hexes
 + Level 2.2(1.9) Charms
 + Level 3.1(2.8) Summonings
 + Level 2.2(1.9) Necromancy
 + Level 3.1(2.8) Translocations
 + Level 2.2(1.9) Transmutations
 + Level 2.2(1.9) Fire Magic
 + Level 2.2(1.9) Ice Magic
 + Level 2.2(1.9) Air Magic
 + Level 2.2(1.9) Earth Magic
 + Level 2.2(1.9) Poison Magic
 + Level 3.0(2.7) Invocations
 + Level 2.7(2.4) Evocations


You had 8 spell levels left.
You knew the following spells:

 Your Spells              Type           Power        Failure   Level  Hunger
a - Magic Dart            Conj           ###.         2%          1    None
b - Blink                 Tloc           N/A          3%          2    None
c - Call Imp              Summ           ###.....     3%          2    None
d - Conjure Flame         Conj/Fire      ###.....     9%          3    None
e - Mephitic Cloud        Conj/Pois/Air  ###.....     9%          3    None
f - Searing Ray           Conj           ###...       3%          2    None

Your spell library contained the following spells:

 Spells                   Type           Power        Failure   Level  Hunger
 Slow                     Hex            ###.....     4%          2    None
 Dazzling Spray           Conj/Hex       ###...       9%          3    None
 Force Lance              Conj/Tloc      ###.....     22%         4    ###....
 Iskenderun's Mystic Bla  Conj           ###.....     22%         4    ###....
 Fulminant Prism          Conj/Hex       ###.......   28%         4    ###....


Dungeon Overview and Level Annotations

Branches:
Dungeon (6/15)             Temple (1/1) D:5

Altars:
Ashenzari
Cheibriados
Dithmenos
Elyvilon
Fedhas
Gozag
Hepliaklqana
Kikubaaqudgha
Makhleb
Nemelex Xobeh
Okawaru
Qazlal
Ru
Sif Muna
Trog
Uskayaw
Vehumet
Wu Jian
Xom
Yredelemnul
Zin
The Shining One

Annotations:
D:4 1 runed door, MisterFreud's ghost, novice TrMo


Innate Abilities, Weirdness & Mutations

Your experience applies equally to all skills.
You have very sharp teeth.
Your uncanny sense of smell can sniff out nearby items.


Message History

Press: ? - help, Shift-Dir - straight line, f/p - centaur
Aim: a centaur, wielding a +0 shortbow (lightly wounded)
The magic dart hits the centaur.
The centaur is lightly wounded.
The centaur shoots an arrow.
The arrow hits you!
* * * LOW HITPOINT WARNING * * *
Casting: Magic Dart (safe; 2% risk of failure)
Confirm with . or Enter, or press ? or * to list all spells.
Okay, then.
Casting: Magic Dart (safe; 2% risk of failure)
Confirm with . or Enter, or press ? or * to list all spells.
You blink.
The centaur shoots an arrow.
The arrow hits you!
* * * LOW HITPOINT WARNING * * *
Okay, then.
Casting: Blink (safe; 3% risk of failure)
Confirm with . or Enter, or press ? or * to list all spells.
Okay, then.
As you read the scroll of teleportation, it crumbles to dust.
You feel strangely unstable.
The centaur shoots an arrow.
The arrow hits you!
You die...

#............ #######
##........... #..#..# .
#........... #.....#
...####'##'#### #.....#
............... #.....#
............... .######...##
..............>
#.....#...#######............
#.....c§....@...#............
#.....#.........#............
#.... #.........#............
#... #...#######............
... #####'## ..........####'#
.. +......# ..........#.....
. #......# ..........#.....
#......# ..........#.....
...... #......#
..........#.....


You could see a centaur.

Vanquished Creatures
  An ice beast (D:6)
  A sky beast (D:6)
  A howler monkey (D:4)
  A crimson imp (D:4)
  A centaur zombie (D:5)
  A hound (D:4)
  A centaur skeleton (D:4)
  A bullfrog skeleton (D:5)
  Ijyb (D:3)
  2 orc wizards
  2 worker ants (D:4)
  3 gnolls (D:4)
  6 adders
  2 oozes (D:3)
  3 worms
  3 dart slugs
  2 leopard geckos
  10 orcs
  A ball python (D:2)
  5 giant cockroaches
  8 goblins
  8 hobgoblins
  2 jackals (D:4)
  7 kobolds
  4 quokkas
  4 bats
  A frilled lizard (D:2)
  A jackal zombie (D:5)
  A leopard gecko zombie (D:5)
  4 rats
88 creatures vanquished.

Vanquished Creatures (collateral kills)
  A gnoll sergeant (D:5)
  An orc wizard (D:5)
  An orc priest (D:4)
  Terence (D:3)
  An orc (D:5)
5 creatures vanquished.

Vanquished Creatures (others)
  An orc wizard (D:5)
1 creature vanquished.

Grand Total: 94 creatures vanquished

Notes
Turn   | Place    | Note
-------+----------+-------------------------------------------
     0 | D:1      | XanderDroid the Gnoll Wizard began the quest for the Orb.
     0 | D:1      | Reached XP level 1. HP: 13/13 MP: 8/8
   252 | D:1      | Reached XP level 2. HP: 19/19 MP: 2/10
   256 | D:1      | Learned a level 2 spell: Blink
   259 | D:1      | Learned a level 2 spell: Call Imp
   856 | D:2      | Reached XP level 3. HP: 25/25 MP: 2/11
   861 | D:2      | Learned a level 3 spell: Conjure Flame
   865 | D:2      | Learned a level 3 spell: Mephitic Cloud
  1387 | D:3      | Reached skill level 1 in Invocations
  1472 | D:3      | Noticed Terence
  1595 | D:3      | Reached skill level 1 in Fighting
  1595 | D:3      | Reached skill level 1 in Short Blades
  1595 | D:3      | Reached skill level 1 in Long Blades
  1595 | D:3      | Reached skill level 1 in Axes
  1595 | D:3      | Reached skill level 1 in Maces & Flails
  1595 | D:3      | Reached skill level 1 in Polearms
  1595 | D:3      | Reached skill level 1 in Staves
  1595 | D:3      | Reached skill level 1 in Slings
  1595 | D:3      | Reached skill level 1 in Bows
  1595 | D:3      | Reached skill level 1 in Crossbows
  1595 | D:3      | Reached skill level 1 in Throwing
  1595 | D:3      | Reached skill level 1 in Armour
  1595 | D:3      | Reached skill level 1 in Shields
  1595 | D:3      | Reached skill level 1 in Unarmed Combat
  1595 | D:3      | Reached skill level 1 in Evocations
  1633 | D:2      | Reached XP level 4. HP: 11/32 MP: 0/13
  2182 | D:3      | Found a faded altar of an unknown god.
  2201 | D:3      | Noticed Ijyb
  2227 | D:3      | Killed Ijyb
  2285 | D:3      | Reached skill level 1 in Hexes
  2285 | D:3      | Reached skill level 1 in Charms
  2285 | D:3      | Reached skill level 1 in Necromancy
  2285 | D:3      | Reached skill level 1 in Transmutations
  2285 | D:3      | Reached skill level 1 in Fire Magic
  2285 | D:3      | Reached skill level 1 in Ice Magic
  2285 | D:3      | Reached skill level 1 in Air Magic
  2285 | D:3      | Reached skill level 1 in Earth Magic
  2285 | D:3      | Reached skill level 1 in Poison Magic
  2371 | D:3      | Reached XP level 5. HP: 32/37 MP: 7/14
  2429 | D:3      | Found a snail-covered altar of Cheibriados.
  2535 | D:3      | Killed Terence
  2969 | D:4      | Noticed MisterFreud's ghost (novice TrMo)
  2979 | D:4      | Found a runed door.
  3033 | D:4      | Reached XP level 6. HP: 17/44 MP: 2/16
  3340 | D:4      | Found a blossoming altar of Fedhas.
  3540 | D:4      | Reached skill level 5 in Dodging
  3795 | D:5      | Entered Level 5 of the Dungeon
  3798 | D:5      | Found a staircase to the Ecumenical Temple.
  4506 | D:5      | Reached XP level 7. HP: 42/50 MP: 12/18
  4906 | D:5      | HP: 2/50 [gnoll sergeant/+0 trident (7)]
  5379 | Temple   | Entered the Ecumenical Temple
  5579 | Temple   | Became a worshipper of Ashenzari the Shackled
  5747 | D:5      | Found an ancient bone altar of Kikubaaqudgha.
  6333 | D:6      | Found a deep blue altar of Sif Muna.
  6333 | D:6      | Found a hide-covered altar of Uskayaw.
  6507 | D:6      | Found an ornate altar of the Wu Jian Council.
  6594 | D:6      | Learned a level 2 spell: Searing Ray
  6684 | D:6      | Reached * piety under Ashenzari
  6692 | D:6      | Found a burning altar of Makhleb.
  6692 | D:6      | Noticed a green death
  6700 | D:6      | Noticed a ynoxinul
  6700 | D:6      | Noticed a ynoxinul
  6753 | D:6      | Reached skill level 5 in Stealth
  6967 | D:6      | Shot with an arrow by a centaur

Vault maps used:
D:1:      matt_arrival_spirals, chequers_serial_rivers_room_b, grunt_decor_cap
D:2:      st_stairs_4
D:3:      first_ration, chequers_ecumenical_altar_simple_redux,
          cheibriados_altar_1, uniq_ijyb, uniq_terence
D:4:      hellmonk_ghost_happy_afterlife, fedhas_altar_2
D:5:      kiku_gazebo_pond_becter, minmay_temple_entry_water_ring
D:6:      lemuel_slime, chequers_temple_overflow_statue_of_worship,
          overflow_temple_1_default, makhleb_altar_promises_db
Temple:   eino_narrow_crystal_temple

Skill      XL: |  1  2  3  4  5  6  7 |
---------------+----------------------+-----
Conjurations   | 2 3 |  3.1
Summonings     | 2 3 |  3.1
Translocations | 2 3 |  3.1
Invocations    | 1 2 3 |  3.0
Fighting       | 1 2 |  2.7
Short Blades   | 1 2 |  2.7
Long Blades    | 1 2 |  2.7
Axes           | 1 2 |  2.7
Maces & Flails | 1 2 |  2.7
Polearms       | 1 2 |  2.7
Staves         | 1 2 |  2.7
Slings         | 1 2 |  2.7
Bows           | 1 2 |  2.7
Crossbows      | 1 2 |  2.7
Throwing       | 1 2 |  2.7
Armour         | 1 2 |  2.7
Shields        | 1 2 |  2.7
Unarmed Combat | 1 2 |  2.7
Evocations     | 1 2 |  2.7
Hexes          | 1 2 |  2.2
Charms         | 1 2 |  2.2
Necromancy     | 1 2 |  2.2
Transmutations | 1 2 |  2.2
Fire Magic     | 1 2 |  2.2
Ice Magic      | 1 2 |  2.2
Air Magic      | 1 2 |  2.2
Earth Magic    | 1 2 |  2.2
Poison Magic   | 1 2 |  2.2
Dodging        | 5 |  5.3
Stealth        | 5 |  5.0
Spellcasting   | |  7.7

Action                   |  1- 3 |  4- 6 |  7- 9 || total
-------------------------+-------+-------+-------++-------
Melee: Unarmed           |    21 |       |       ||    21
       Bite              |     2 |     3 |     5 ||    10
       Dagger            |    23 |     5 |       ||    28
       Falchion          |       |    20 |       ||    20
       Punch             |       |     1 |       ||     1
       Mace              |       |     8 |    31 ||    39
 Cast: Magic Dart        |    84 |   165 |    79 ||   328
       Mephitic Cloud    |     4 |     6 |     4 ||    14
       Call Imp          |       |     3 |    11 ||    14
       Searing Ray       |       |       |     3 ||     3
       Blink             |       |       |     1 ||     1
  Use: Scroll            |       |     2 |     6 ||     8
 Stab: Confused          |     1 |       |       ||     1
       Sleeping          |     1 |       |       ||     1
  Eat: Ration            |     1 |     1 |     1 ||     3
       Chunk             |       |     7 |     2 ||     9
Armor: Robe              |     8 |    11 |    22 ||    41
Dodge: Dodged            |    32 |   113 |    37 ||   182
       Rpst.: Falchion   |       |    11 |       ||    11

Table legend:
 A = Non-vault XP
 B = Vault XP
 C = Vault XP percentage of total XP
 D = Non-vault monster count
 E = Vault monster count
 F = Vault count percentage of total count
                 A         B        C        D         E       F
            +---------+---------+-------+---------+---------+-------
      Total |    1083 |      52 |   4.6 |      90 |       4 |   4.3
            +---------+---------+-------+---------+---------+-------
        D:1 |      15 |       0 |   0.0 |       8 |       0 |   0.0
        D:2 |      43 |       4 |   8.5 |      20 |       2 |   9.1
        D:3 |     118 |      48 |  28.9 |      21 |       2 |   8.7
        D:4 |     426 |       0 |   0.0 |      25 |       0 |   0.0
        D:5 |     210 |       0 |   0.0 |      13 |       0 |   0.0
        D:6 |     271 |       0 |   0.0 |       3 |       0 |   0.0
            +---------+---------+-------+---------+---------+-------
